Map: Mur doré EC

Players

Wander

  • Race: Zerg Zerg
  • League: Gold
  • Spawn Location: 5:00

VOD

Have the link to the VOD?

Description

Time

  • Played on: May 18, 2020, 8:32 a.m.
  • Length: 9:09
Show
View Real Time Build Order
Export as new Build Order

Wander Zerg 

Build Orders:  

Get SALT Encoding   

  12  0:03  Drone  
  13  0:17  Overlord  
  13  0:24  Drone  
  14  0:42  Drone x2  
  16  1:09  Hatchery  
  15  1:12  Drone  
  15  1:17  Drone  
  17  1:22  Drone  
  17  1:29  Extractor  
  17  1:47  Spawning Pool  
  16  1:50  Drone  
  16  1:54  Drone  
  18  2:09  Drone  
  19  2:19  Drone  
  20  2:34  Overlord  
  20  2:50  Drone  
  20  2:54  Queen  
  20  2:56  Queen  
  20  2:58  Zergling x2  
  26  3:05  Zergling x2  
  26  3:09  Drone  
  28  3:20  Drone  
  28  3:23  Drone  
  30  3:35  Overlord  
  30  3:36  Drone  
  31  3:52  Queen  
  31  3:54  Drone  
  34  4:02  Drone  
  34  4:08  Drone  
  34  4:09  Lair  
  26  4:10  Drone  
  36  4:12  Evolution Chamber  
  36  4:24  Drone  
  36  4:28  Roach Warren, Drone  
  37  4:40  Spore Crawler  
  37  4:41  Drone  
  37  4:42  Drone  
  37  4:43  Drone  
  39  4:51  Overlord  
  39  4:53  Drone  
  39  4:59  Drone  
  41  5:00  Drone  
  41  5:09  Drone  
  43  5:10  Drone  
  43  5:12  Evolution Chamber  
  43  5:16  Zerg Missile Weapons Level 1  
  43  5:22  Drone x2  
  45  5:30  Extractor  
  45  5:32  Extractor, Drone x2  
  45  5:33  Drone  
  45  5:35  Drone  
  47  5:40  Drone x2  
  47  5:47  Glial Reconstitution  
  49  5:54  Drone x2  
  51  6:11  Overlord  
  51  6:22  Spore Crawler  
  51  6:25  Overlord  
  50  6:39  Roach  
  52  6:40  Roach x4  
  60  6:55  Roach x2  
  60  6:56  Roach x2  
  60  6:58  Overlord  
  68  7:21  Overlord  
  68  7:26  Roach x2  
  68  7:27  Roach x2  
  76  7:37  Hatchery  
  76  7:39  Overlord  
  75  7:50  Roach x4  
  75  7:59  Drone  
  84  8:05  Overlord x2  
  84  8:06  Drone  
  85  8:12  Drone  
  86  8:22  Drone  
  86  8:23  Drone x5  
  92  8:31  Overlord  
  92  8:40  Drone x2  
Tags
 
League
Gold
Matchup
Co-op
Add a new tag
Caveats
  • Supply blocks, unpowered buildings, or Contaminate may cause inaccurate times.
  • Supply counts are checked every 10 seconds.